 Dungeon Crawl Stone Soup version 0.24.0-123-gd5b16e6ec5 (webtiles) character file.

Game seed: 12526081443306974838, levelgen mode: deterministic

151 Johnny the Poker (level 4, 0/36 HPs)
             Began as a Demigod Gladiator on Jan 26, 2020.
             Slain by Crazy Yiuf
             ... wielding a +3 quarterstaff of chaos
              (11 damage)
             ... on level 2 of the Dungeon.
             The game lasted 00:01:31 (1754 turns).

Johnny the Poker (Demigod Gladiator)                Turns: 1754, Time: 00:01:32

Health: 0/36       AC:  4    Str: 19    XL:     4   Next: 86%
Magic:  6/6        EV: 13    Int: 12    God:
Gold:   83         SH:  0    Dex: 22    Spells: 3/3 levels left

rFire    . . .     SeeInvis .   a - +0 trident
rCold    . . .     Gourm    .   (no shield)
rNeg     . . .     Faith    .   b - +0 leather armour
rPois    .         Spirit   .   c - +0 helmet
rElec    .         Reflect  .   (no cloak)
rCorr    .         Harm     .   (no gloves)
MR       .....                  (no boots)
Stlth    +.........             (no amulet)
HPRegen  0.12/turn              n - ring of attention (curse)
MPRegen  0.10/turn              r - +5 ring of dexterity

@: hasted, lightly drained, very quick
A: high mp 1
a: no special abilities


You were on level 2 of the Dungeon.
You were hungry.

You visited 1 branch of the dungeon, and saw 2 of its levels.

You collected 83 gold pieces.

Inventory:

Hand Weapons
 a - a +0 trident (weapon)
Missiles
 d - 3 throwing nets (quivered)
Armour
 b - a +0 leather armour (worn)
 c - a +0 helmet (worn)
Jewellery
 n - a cursed ring of attention (left hand)
 r - a +5 ring of dexterity (right hand)
 s - a +2 ring of intelligence
Scrolls
 e - a scroll of enchant weapon {unknown}
 g - 5 scrolls of teleportation {unknown}
 h - 5 scrolls of identify {unknown}
 i - a scroll of fog {unknown}
 j - a scroll of enchant armour {unknown}
 m - 2 scrolls of magic mapping {unknown}
 o - 2 scrolls of amnesia {unknown}
 q - a scroll of remove curse {unknown}
Potions
 k - a potion of mutation {unknown}
 l - a potion of heal wounds {unknown}
 p - a potion of haste
Comestibles
 f - 6 rations


   Skills:
 - Level 1.7(1.4) Fighting
 * Level 5.3(5.0) Polearms
 - Level 1.7(1.4) Throwing
 - Level 2.6(2.3) Dodging


You had 3 spell levels left.
You didn't know any spells.
Your spell library contained the following spells:

 Spells                   Type           Power        Failure   Level  Hunger
 Confusing Touch          Hex            #.....       36%         1    ##.....
 Confuse                  Hex            #.......     75%         3    ####...
 Gell's Gravitas          Tloc           #.........   75%         3    ####...
 Petrify                  Tmut/Erth      #.......     98%         4    #####..
 Metabolic Englaciation   Hex/Ice        #.........   100%        5    ######.
 Yara's Violent Unravell  Hex/Tmut       #.........   100%        5    ######.


Dungeon Overview and Level Annotations

Branches:
Dungeon (2/15)

Annotations:
D:2 Crazy Yiuf


Innate Abilities, Weirdness & Mutations

You have an increased reservoir of magic. (+10% MP)


Message History

You hit Crazy Yiuf.
Crazy Yiuf is heavily wounded.
Crazy Yiuf hits you with a +3 quarterstaff of chaos!
* * * LOW HITPOINT WARNING * * *
You feel drained.
* * * LOW HITPOINT WARNING * * *
Unknown command.
You see here a mace.
You see here a runed mace.
Crazy Yiuf glowers.
Crazy Yiuf says, "Mugger!"
Crazy Yiuf yells, "Action koolooloo arm!"
There is a stone staircase leading down here.
Crazy Yiuf says, "Shower poople green!"
Crazy Yiuf says, "Buddy!"
Crazy Yiuf cries, "You leg down broken song, no?"
Crazy Yiuf yells, "Cod dark eyeball!"
You feel yourself speed up.
Crazy Yiuf hits you with a +3 quarterstaff of chaos!
You die...

....## #.....# #......) ..†..#
#.....# #.#..... ..##.# #.....#
#.##....
_..#.#######.....#########.###.#.
∩###....##...............>.# #.#≈
## ####.##.#.....########### #.#.
#.##...###.# #.#. ###
#.###....#g# #.#.
..#####.###.....@### #.#≈
#..........(.......## #.#≈
###.###.###.........# #.#. #.#
#.# #..#####..## #.#≈ #.#
#.###.## #....# #... #.# #.÷.>.#
#.PPP# ###. ###.###.###### ##..)#
## .....)..# #.# ##.## ###.###.#
#.# ##.# ##########


You could see Crazy Yiuf.

Vanquished Creatures
  A hound (D:2)
  Jessica (D:2)
  A worker ant (D:2)
  A gnoll (D:1)
  An adder (D:2)
  2 dart slugs
  3 leopard geckos
  A ball python (D:2)
  3 giant cockroaches
  4 goblins (D:1)
  10 hobgoblins
  2 jackals (D:1)
  3 kobolds
  8 bats
  A frilled lizard (D:1)
  4 rats
  A fungus (D:2)
47 creatures vanquished.

Notes
Turn   | Place    | Note
-------+----------+-------------------------------------------
     0 | D:1      | Johnny the Demigod Gladiator began the quest for the Orb.
     0 | D:1      | Reached XP level 1. HP: 17/17 MP: 3/3
    28 | D:1      | Reached skill level 3 in Polearms
    57 | D:1      | Reached XP level 2. HP: 11/24 MP: 4/4
   598 | D:1      | Reached XP level 3. HP: 28/29 MP: 5/5
   783 | D:1      | Reached skill level 4 in Polearms
   959 | D:2      | Noticed Jessica
   966 | D:2      | Killed Jessica
  1116 | D:2      | Found a faded altar of an unknown god.
  1146 | D:2      | Reached XP level 4. HP: 31/36 MP: 6/6
  1187 | D:2      | Reached skill level 5 in Polearms
  1606 | D:2      | Found a burning altar of Makhleb.
  1654 | D:2      | Found a runed translucent door.
  1655 | D:2      | Noticed Crazy Yiuf
  1754 | D:2      | Slain by Crazy Yiuf

Levels and vault maps discovered:
D:1:      elethiomel_arrival_infinity_welcomes_careful_drivers,
          layout_loops_ring, minmay_hexomino_c4
D:2:      layout_loops_ring, chequers_ecumenical_altar_island,
          makhleb_heckhound_becter, uniq_crazy_yiuf_cottage, uniq_jessica

Skill      XL: |  1  2  3  4 |
---------------+-------------+-----
Polearms       | 3 4 5 |  5.3
Fighting       | |  1.7
Throwing       | |  1.7
Dodging        | |  2.6

Action                   |  1- 3 |  4- 6 || total
-------------------------+-------+-------++-------
Melee: Trident           |   110 |    69 ||   179
  Use: Potion            |       |     1 ||     1
 Stab: Sleeping          |     1 |     1 ||     2
  Eat: Chunk             |       |     2 ||     2
Armor: Leather armour    |    35 |    19 ||    54
Dodge: Dodged            |    66 |    34 ||   100
